 Dungeon Crawl Stone Soup version 0.20-a0-903-g7e3609c (webtiles) character file.

116 Patate the Covert (level 4, -4/21 HPs)
             Began as a Spriggan Enchanter on Mar 21, 2017.
             Killed from afar by an orc wizard (8 damage)
             ... with a puff of frost
             ... on level 3 of the Dungeon.
             The game lasted 00:09:38 (2033 turns).

Patate the Covert (Spriggan Enchanter)              Turns: 2033, Time: 00:09:38

Health: -4/21      AC:  2    Str:  5    XL:     4   Next: 70%
Magic:  5/9        EV: 18    Int: 16    God:
Gold:   121        SH:  0    Dex: 16    Spells: 2/8 levels left

rFire    . . .     SeeInvis +   g - +1 dagger (venom)
rCold    . . .     Gourm    .   b - +0 robe
rNeg     . . .     Faith    .   (shield restricted)
rPois    .         Spirit   .   (helmet restricted)
rElec    .         Reflect  .   (no cloak)
rCorr    .         Harm     .   (gloves unavailable)
MR       .....                  (boots unavailable)
Stlth    ++++......             (no amulet)
Regen    0.1/turn               m - ring of see invisible
MPRegen  0.2/turn               h - ring of flight

@: very quick
A: unfitting armour, see invisible, herbivore 3, speed 3, slow metabolism 2
a: Evoke Flight


You were on level 3 of the Dungeon.
You were not hungry.

You visited 1 branch of the dungeon, and saw 3 of its levels.

You collected 121 gold pieces.

Inventory:

Hand Weapons
 g - a +1 dagger of venom (weapon)
Armour
 b - a +0 robe (worn)
Jewellery
 h - a ring of flight (left hand)
 m - a ring of see invisible (right hand)
Scrolls
 i - a scroll of teleportation {unknown}
 j - a scroll of blinking {unknown}
 l - 3 scrolls of identify {unknown}
 o - 2 scrolls of recharging {unknown}
 s - a scroll of fog {unknown}
 u - a scroll of enchant weapon {unknown}
Potions
 a - a potion of curing {unknown}
 e - 2 potions of heal wounds {unknown}
 f - a potion of resistance {unknown}
 k - a potion of brilliance {unknown}
 p - 2 potions of magic {unknown}
 q - a potion of agility {unknown}
 r - a potion of lignification {unknown}
 t - a potion of degeneration {unknown}
Books
 c - a book of Maledictions

   Spells                             Type                      Level
   a - Corona                         Hexes                        1
   b - Ensorcelled Hibernation        Hexes/Ice                    2
   c - Confuse                        Hexes                        3
   d - Tukima's Dance                 Hexes                        3
   e - Dazzling Spray                 Conjuration/Hexes            3
Comestibles
 d - 4 bread rations
 n - a royal jelly


   Skills:
 - Level 1.1 Short Blades
 - Level 3.0 Dodging
 * Level 8.5 Stealth
 - Level 2.6 Spellcasting
 - Level 3.6 Hexes


You had 2 spell levels left.
You knew the following spells:

 Your Spells              Type           Power        Failure   Level  Hunger
a - Corona                Hex            ##.....      6%          1    #......
b - Ensorcelled Hibernat  Hex/Ice        #.....       17%         2    ##.....
c - Confuse               Hex            ##......     14%         3    ###....


Dungeon Overview and Level Annotations

Branches:
Dungeon (3/15)

Altars:


Innate Abilities, Weirdness & Mutations

You are very small and have problems with some larger weapons.
You are too small for most types of armour.
You have supernaturally acute eyesight. (SInv)
You are a herbivore.
You cover ground extremely quickly.
You need consume almost no food.


Message History

The orc priest miscasts a cantrip.
Casting: Ensorcelled Hibernation
Confirm with . or Enter, or press ? or * to list all spells.
Aiming: Ensorcelled Hibernation
Press: ? - help, Shift-Dir - straight line, f/p - orc wizard
Aim: an orc wizard, wielding a dagger and wearing a robe (fast, slightly transparent, chance to defeat MR: 38%)
The orc wizard resists with some effort.
The orc wizard points at you and mumbles some strange words.
The puff of flame hits you!
You barely miss the orc wizard. The orc wizard hits you with a dagger.
* * * LOW HITPOINT WARNING * * *
Casting: Ensorcelled Hibernation
Confirm with . or Enter, or press ? or * to list all spells.
Aiming: Ensorcelled Hibernation
Press: ? - help, Shift-Dir - straight line, f/p - orc wizard
Aim: an orc wizard, wielding a dagger and wearing a robe (fast, slightly transparent, chance to defeat MR: 38%)
The orc wizard resists with some effort.
The orc wizard points at you and mumbles some strange words.
The puff of frost hits you!
You die...

...............##.#
########..######.##.#
........(# #.##.#
###.####.#######.##.#
.......†ooo.o.......#
.........#######o#..#
###.###### #.#..#
.o..# #o#..# .o..#
#@#..# ##.## #.#..#
#. #.#..# #. #.#..#
#. #.# #. #.# #.# #.#


You could see an orc wizard (invisible) and an orc.

Vanquished Creatures
  Ijyb (D:2)
  4 adders (D:2)
  3 dart slugs (D:1)
  3 leopard geckos
  3 orcs (D:3)
  9 bats
  2 giant cockroaches (D:2)
  5 hobgoblins
  2 frilled lizards (D:1)
  4 goblins
  5 kobolds
  9 rats
50 creatures vanquished.

Notes
Turn   | Place    | Note
-------+----------+-------------------------------------------
     0 | D:1      | Patate the Spriggan Enchanter began the quest for the Orb.
     0 | D:1      | Reached XP level 1. HP: 9/9 MP: 5/5
   114 | D:1      | Reached skill level 5 in Stealth
   357 | D:1      | Reached XP level 2. HP: 9/13 MP: 6/6
   510 | D:1      | Learned a level 2 spell: Ensorcelled Hibernation
   584 | D:1      | Reached skill level 6 in Stealth
   887 | D:2      | Noticed Ijyb
   896 | D:2      | Killed Ijyb
   896 | D:2      | Reached skill level 7 in Stealth
   896 | D:2      | Reached XP level 3. HP: 16/16 MP: 8/8
   979 | D:2      | Learned a level 3 spell: Confuse
  1001 | D:2      | Reached XP level 4. HP: 19/21 MP: 9/9
  1235 | D:2      | Reached skill level 8 in Stealth
  2033 | D:3      | Killed from afar by an orc wizard

Vault maps used:
D:1:      dpeg_arrival_rooms_b
D:2:      minmay_wonky_spiral, first_bread, feat_on_display, uniq_iyjb

Skill      XL: |  1  2  3  4 |
---------------+-------------+-----
Stealth        | 5 7 8 |  8.5
Short Blades   | |  1.1
Dodging        | |  3.0
Spellcasting   | |  2.6
Hexes          | |  3.6

Action                   |  1- 3 |  4- 6 || total
-------------------------+-------+-------++-------
Melee: Dagger            |    72 |    64 ||   136
 Cast: Ensorcelled Hiber |     2 |     6 ||     8
 Stab: Sleeping          |    10 |     4 ||    14
Armor: Robe              |    12 |     9 ||    21
Dodge: Dodged            |    64 |    42 ||   106
